 Dungeon Crawl Stone Soup version 0.24.0-125-gc4c63601f3 (webtiles) character file.

Game seed: 17150599095331856120, levelgen mode: deterministic

152442 Amplified the Basher (level 17, -1/202 HPs)
             Began as a Demonspawn Gladiator on Feb 24, 2020.
             Was an Elder of Makhleb.
             Slain by a +0 halberd of venom (3 damage)
             ... on level 2 of the Elven Halls on Feb 25, 2020.
             The game lasted 01:22:44 (36067 turns).

Amplified the Basher (Demonspawn Gladiator)        Turns: 36067, Time: 01:22:45

Health: -1/202     AC: 28    Str: 18    XL:     17   Next: 2%
Magic:  0/34       EV:  2    Int: 17    God:    Makhleb [****..]
Gold:   503        SH:  0    Dex: 19    Spells: 34/43 levels left

rFire    x . .     SeeInvis .   U - +8 flail "Mezewnaudi" {speed, rN+ MR+ Int+6 Dex-2}
rCold    . . .     Gourm    .   B - +0 buckler
rNeg     + + +     Faith    .   (armour currently unavailable)
rPois    +         Spirit   +   (helmet currently unavailable)
rElec    .         Reflect  .   (cloak currently unavailable)
rCorr    .         Harm     .   (gloves currently unavailable)
MR       ++...     NoTele   +   (boots currently unavailable)
Stlth    +++.......             v - amulet of magic regeneration
HPRegen  0.43/turn              Q - ring of Yesterday {rPois rF- rN++ Dex+4 Stlth+}
MPRegen  0.73/turn              E - +4 ring of evasion

@: confused, lethally poisoned (-1 -> -24), tree-form, studying Throwing
A: nightstalker 1, magic shield, magic regeneration, magic link
a: Minor Destruction, Lesser Servant of Makhleb, Major Destruction, Renounce
Religion


You were on level 2 of the Elven Halls.
You worshipped Makhleb.
Makhleb was greatly pleased with you.
You were hungry.
You were a tree.
You visited 7 branches of the dungeon, and saw 31 of its levels.
You visited 1 bazaar.

You collected 3278 gold pieces.
You spent 2775 gold pieces at shops.

Inventory:

Hand Weapons
 i - a +3 whip of electrocution
 n - the +10 rapier of the Immovable People {antimagic, rN++}
   (You found it on level 8 of the Dungeon)

   It reduces the magical energy of the wielder, and disrupts the spells and
   magical abilities of those hit.
   Natural abilities and divine invocations are not affected.
   It greatly protects you from negative energy.
 q - a +0 morningstar of crushing
 U - the +8 flail "Mezewnaudi" (weapon) {speed, rN+ MR+ Int+6 Dex-2}
   (You found it on level 1 of the Shoals)

   Attacks with this weapon are significantly faster.
   It affects your intelligence (+6).
   It affects your dexterity (-2).
   It protects you from negative energy.
   It affects your resistance to hostile enchantments.
Missiles
 d - 83 poisoned darts (quivered)
 h - 19 curare-tipped darts
Armour
 a - a +2 ring mail of cold resistance
 c - a +2 helmet (melded)
 w - a +0 cloak (melded)
 z - the +2 pair of gloves of Responsibility (melded) {rC+ Str+3 Dex-3}
   (You bought it in a shop on level 12 of the Dungeon)

   It affects your strength (+3).
   It affects your dexterity (-3).
   It protects you from cold.
 B - a +0 buckler (worn)
 H - the +10 plate armour "Zusul" (melded) {rF+}
   (You found it on level 2 of the Shoals)

   It protects you from fire.
 K - a +1 pair of boots (melded)
Jewellery
 b - an uncursed ring of fire
 o - the ring "Guilephu" {-Tele *Slow MP+9 Str+9 Dex+5}
   (You found it on level 1 of the Orcish Mines)

   [ring of dexterity]

   It affects your strength (+9).
   It affects your dexterity (+5).
   It affects your magic capacity (+9).
   It prevents most forms of teleportation.
   It may slow you when you take damage.
 v - an amulet of magic regeneration (around neck)
 y - an uncursed ring of resist corrosion
 E - a +4 ring of evasion (right branch)
 F - an uncursed ring of see invisible
 J - an uncursed amulet of regeneration
 Q - the ring of Yesterday (left branch) {rPois rF- rN++ Dex+4 Stlth+}
   (You found it on level 2 of the Shoals)

   [ring of poison resistance]

   It affects your dexterity (+4).
   It makes you vulnerable to fire.
   It protects you from poison.
   It greatly protects you from negative energy.
   It makes you more stealthy.
 S - an uncursed ring of poison resistance
Wands
 k - a wand of polymorph (22)
 l - a wand of flame (37)
 m - a wand of iceblast (10)
 r - a wand of enslavement (7)
 t - a wand of clouds (2)
Scrolls
 g - 12 scrolls of identify
 j - 20 scrolls of remove curse
 u - 4 scrolls of fog
 G - 4 scrolls of enchant weapon
 O - 2 scrolls of amnesia
Potions
 p - a potion of mutation
 s - a potion of lignification
 x - 7 potions of magic
 D - a potion of ambrosia
 N - a potion of cancellation
Books
 M - a manual of Throwing
Comestibles
 f - 37 rations


   Skills:
 - Level 12.9 Fighting
 - Level 5.1 Short Blades
 * Level 14.7 Maces & Flails
 - Level 1.7 Throwing
 - Level 9.5 Armour
 - Level 8.7 Dodging
 - Level 5.4 Stealth
 - Level 5.9 Shields
 - Level 13.6 Spellcasting
 - Level 3.3 Conjurations
 - Level 2.9 Earth Magic
 - Level 7.6 Invocations


You had 34 spell levels left.
You knew the following spells:

 Your Spells              Type           Power        Failure   Level  Hunger
a - Confusing Touch       Hex            ##....       6%          1    None
b - Blink                 Tloc           N/A          9%          2    None
c - Iron Shot             Conj/Erth      ###.......   94%         6    ######.

Your spell library contained the following spells:

 Spells                   Type           Power        Failure   Level  Hunger
 Magic Dart               Conj           ###.         1%          1    None
 Beastly Appendage        Tmut           ##....       6%          1    None
 Corona                   Hex            ##.....      6%          1    None
 Summon Butterflies       Summ           ##......     6%          1    None
 Call Imp                 Summ           ##......     9%          2    None
 Ensorcelled Hibernation  Hex/Ice        ##....       9%          2    None
 Slow                     Hex            ##......     9%          2    None
 Sticks to Snakes         Tmut           ##......     9%          2    None
 Conjure Flame            Conj/Fire      ###.....     9%          3    None
 Dazzling Spray           Conj/Hex       ###...       9%          3    None
 Mephitic Cloud           Conj/Pois/Air  ###.....     11%         3    None
 Call Canine Familiar     Summ           ##......     19%         3    None
 Confuse                  Hex            ##......     19%         3    None
 Gell's Gravitas          Tloc           ##........   19%         3    None
 Ozocubu's Armour         Chrm/Ice       ##......     19%         3    None
 Spider Form              Tmut/Pois      ##........   19%         3    None
 Tukima's Dance           Hex            ##......     19%         3    None
 Petrify                  Tmut/Erth      ###.....     32%         4    #......
 Ice Form                 Ice/Tmut       ##......     52%         4    #......
 Summon Ice Beast         Ice/Summ       ##......     52%         4    #......
 Blade Hands              Tmut           ##........   86%         5    ####...
 Metabolic Englaciation   Hex/Ice        ##........   86%         5    ####...
 Summon Mana Viper        Hex/Summ       ##......     86%         5    ####...
 Yara's Violent Unravell  Hex/Tmut       ##........   86%         5    ####...
 Ozocubu's Refrigeration  Ice            ##........   100%        6    ######.
 Summon Hydra             Summ           ##........   100%        7    #######


Dungeon Overview and Level Annotations

Branches:
Dungeon (15/15)            Temple (1/1) D:4            Lair (6/6) D:9
 Shoals (4/4) Lair:3       Spider (1/4) Lair:4        Slime (0/5) Lair:6
    Orc (2/2) D:12            Elf (2/3) Orc:2        Vaults (0/5) D:13
 Depths (0/5) D:15

Altars:
Ashenzari
Cheibriados
Dithmenos
Elyvilon
Fedhas
Gozag
Hepliaklqana
Kikubaaqudgha
Makhleb
Nemelex Xobeh
Okawaru
Qazlal
Ru
Sif Muna
Trog
Uskayaw
Vehumet
Wu Jian
Xom
Yredelemnul
Zin
The Shining One
Beogh
Jiyva

Shops:
D:12 [   Orc:2 !:[(   Shoals:3 ?

Portals:
Trove: D:15 (give +8 demon blade)

Annotations:
Lair:1 Need rPois, spellset since weak
Lair:2 exclusion: 4 oklob plants
Lair:3 fearitself's ghost, adept MiBe
Shoals:2 Find rElec.
Shoals:3 Aizul; Polyphemus


Innate Abilities, Weirdness & Mutations

((You have very sharp fingernails.))
((You are mostly covered in slimy green scales. (AC +3)))
You are slightly more attuned to the shadows.
When hurt, damage is shared between your health and your magic reserves.
You regenerate magic rapidly.
When low on magic, you restore magic in place of health.
((You have sharp toenails.))


Message History

* * * LOW HITPOINT WARNING * * *
You feel sick.
The +0 halberd of venom hits you from afar.
* * * LOW HITPOINT WARNING * * *
Your neqoxec barely misses the +0 halberd of venom.
The +5 battleaxe of venom hits you!
* * * LOW HITPOINT WARNING * * *
You are more poisoned.
The +0 halberd of venom hits you but does no damage.
You are more poisoned.
Unknown command.
Unknown command.
Unknown command.
Unknown command.
Unknown command.
* * * LOW HITPOINT WARNING * * *
You feel very sick.
Your neqoxec misses the +0 halberd of venom.
The +0 halberd of venom hits you from afar!
You die...

#.....################
##.....####.##*#.##**,
##.....##...##...##.,
##..................,
##.....)....).......#,
#......#(.....)....##*
##..)(###......)..## *
##.)## ##........#* *
##..♣###(.........# *
*#....(#.3.........#**
#......(............*,
##......3........,,,,,
##..............,,,,,
*#..............,,,,,
*#...............,,,,,
*..............,,,,,,,
*#............,,,,,,*,


You could see 2 dancing weapons and a friendly neqoxec.

Vanquished Creatures
  A deep elf blademaster (Elf:2)
  An orc warlord (Orc:2)
  A deep elf elementalist (Elf:2)
  The ghost of Ikheod the Impaler, a journeyman MfGl of Okawaru (Lair:6)
  A stone giant (Orc:2)
  An ettin (D:15)
  A fire dragon (Lair:6)
  6 vault guards (D:13)
  7 hydras
  An ice dragon (Lair:6)
  Erolcha (D:9)
  An ogre mage (D:15)
  A merfolk avatar (Shoals:1)
  The ghost of Vuocosy the Slinger, a journeyman HaHu of Okawaru (D:10)
  4 two-headed ogres
  2 centaur warriors
  A catoblepas (Lair:5)
  A death knight (D:14)
  17 dancing weapons
  A satyr (Shoals:2)
  2 tengu warriors (D:15)
  3 death yaks (Lair:6)
  2 orc high priests (Orc:2)
  10 deep elf knights
  Nergalle (D:10)
  8 sea snakes
  An unseen horror (D:13)
  A swamp dragon (Lair:6)
  7 deep elf archers
  2 lindwurms (Lair:6)
  34 deep elf magi
  3 orc knights
  A cyclops (shapeshifter) (Elf:2)
  A wolf spider (Spider:1)
  3 orc sorcerers
  2 cyclopes
  5 manticores
  6 ugly things
  A moth of wrath (Lair:6)
  7 fauns
  13 elephants
  3 merfolk sirens (Shoals:2)
  A water nymph (Shoals:3)
  3 black mambas
  2 centaur skeletons
  4 torpor snails (Lair:6)
  8 spiny frogs
  4 kobold demonologists
  9 komodo dragons
  2 freezing wraiths
  A demonic crawler (Lair:4)
  5 rime drakes
  A redback zombie (D:14)
  2 red devils (Elf:1)
  A tengu conjurer (D:13)
  A queen bee (Lair:2)
  10 hornets
  3 meliai (D:15)
  4 polar bears
  4 trolls
  3 tyrant leeches (Lair:6)
  3 slime creatures (D:14)
  3 wind drakes
  7 merfolk
  A harpy skeleton (D:14)
  15 blink frogs
  13 hippogriffs
  3 snapping turtles
  8 dream sheep (Lair:6)
  A snapping turtle (shapeshifter) (D:15)
  A meliai zombie (D:13)
  5 spriggans
  A water elemental (Shoals:2)
  3 air elementals
  A vampire (D:13)
  A fire elemental (D:14)
  2 wyverns
  6 basilisks
  4 neqoxecs (Orc:1)
  41 yaks
  A hungry ghost (D:14)
  3 steam dragons
  2 vampire mosquitoes (D:14)
  A soldier ant (D:15)
  4 acid dragons
  12 water moccasins
  11 porcupines
  2 hell hounds (Orc:1)
  A black bear (Lair:4)
  35 orc warriors
  A phantom (D:10)
  5 ice beasts
  3 sky beasts
  A necrophage (D:6)
  7 boggarts
  12 ogres
  12 wolves
  16 centaurs
  An eye of draining (D:14)
  19 crocodiles
  14 big kobolds
  11 bullfrogs
  A wyvern zombie (D:6)
  5 earth elementals
  2 scorpions
  A wyvern skeleton (D:6)
  32 killer bees
  2 howler monkeys
  5 wights (D:7)
  A bullfrog zombie (D:12)
  4 crimson imps
  3 centaur zombies
  21 orc priests
  8 hounds
  A jelly (D:12)
  27 orc wizards
  A bullfrog skeleton (D:6)
  Jessica (D:2)
  4 iguanas
  9 worker ants
  A killer bee zombie (D:8)
  A hound zombie (D:4)
  3 gnolls (D:4)
  8 adders
  A howler monkey skeleton (D:9)
  5 shadow imps
  An adder zombie (D:10)
  2 worms
  A dart slug (D:3)
  6 leopard geckos
  102 orcs
  2 ball pythons
  6 giant cockroaches
  6 goblins
  10 hobgoblins
  13 jackals
  6 quokkas
  7 bats
  4 frilled lizards
  32 kobolds
  2 leopard gecko skeletons
  8 rats
  A fungus (Lair:2)
  3 plants (Lair:6)
887 creatures vanquished.

Vanquished Creatures (collateral kills)
  The ghost of Tinen the Brawler, a journeyman TrMo of Wu Jian (Orc:1)
  A vault guard (D:13)
  2 hydras
  A satyr (Shoals:2)
  A dancing weapon (Elf:2)
  2 death yaks (Lair:6)
  A tengu warrior (D:15)
  A deep elf knight (Elf:1)
  A sea snake (Shoals:3)
  2 deep elf archers (Elf:1)
  An orc sorcerer (Orc:2)
  3 deep elf magi
  A cyclops (D:14)
  6 fauns
  3 ugly things
  2 slime creatures (D:14)
  6 elephants
  A black mamba (Lair:3)
  2 merfolk sirens (Lair:3)
  A torpor snail (Lair:6)
  A water nymph (Shoals:3)
  A gargoyle (D:14)
  A spiny frog (Lair:6)
  A komodo dragon (Lair:6)
  2 rime drakes
  A troll (D:9)
  A merfolk (Lair:3)
  2 red devils (Elf:1)
  3 blink frogs
  A wind drake (Shoals:2)
  Prince Ribbit (D:9)
  5 dream sheep (Lair:6)
  A snapping turtle (Shoals:1)
  2 hippogriffs
  A spriggan (Lair:3)
  11 yaks
  3 basilisks
  A fire elemental (Elf:1)
  A steam dragon (Lair:2)
  2 water moccasins
  An acid dragon (D:14)
  A sky beast (D:9)
  4 orc warriors
  An eye of draining (D:15)
  An ice beast (D:15)
  2 ogres (Orc:1)
  5 wolves
  A boggart (D:15)
  7 centaurs
  3 crocodiles
  A big kobold (D:15)
  A bullfrog (D:9)
  An earth elemental (Elf:1)
  7 killer bees (Lair:2)
  2 quasits (Orc:1)
  2 hounds (D:9)
  2 orc priests (Orc:2)
  A hell rat (Lair:2)
  6 orc wizards
  A worker ant (D:9)
  13 orcs
  2 kobolds (D:15)
  2 fungi (Lair:6)
148 creatures vanquished.

Vanquished Creatures (others)
  A vault guard (D:13)
  4 deep elf magi
  A sky beast (D:7)
  A killer bee (Lair:2)
  An orc (Orc:2)
  A kobold (D:8)
  16 fungi
  26 plants
51 creatures vanquished.

Grand Total: 1086 creatures vanquished

Notes
Turn   | Place    | Note
-------+----------+-------------------------------------------
     0 | D:1      | Amplified the Demonspawn Gladiator began the quest for the
                  | Orb.
     0 | D:1      | Reached XP level 1. HP: 16/16 MP: 1/1
   247 | D:1      | Gained mutation: When hurt, damage is shared between your
                  | health and your magic reserves. [demonic ancestry]
   247 | D:1      | Reached XP level 2. HP: 18/22 MP: 2/2
   353 | D:1      | Reached skill level 3 in Maces & Flails
   761 | D:1      | Reached XP level 3. HP: 26/28 MP: 3/3
  1536 | D:2      | Found a sacrificial altar of Ru.
  1564 | D:2      | Reached XP level 4. HP: 25/35 MP: 2/4
  2004 | D:2      | Noticed Jessica
  2010 | D:2      | Killed Jessica
  2298 | D:3      | Gained mutation: You regenerate magic rapidly. [demonic
                  | ancestry]
  2298 | D:3      | Reached XP level 5. HP: 36/41 MP: 5/5
  2664 | D:3      | Reached skill level 4 in Maces & Flails
  2825 | D:3      | You fall into a shaft and drop 1 floor!
  3243 | D:4      | Found a staircase to the Ecumenical Temple.
  3263 | Temple   | Entered the Ecumenical Temple
  3370 | Temple   | Became a worshipper of Makhleb the Destroyer
  3755 | D:5      | Entered Level 5 of the Dungeon
  3771 | D:5      | Noticed an ogre
  3781 | D:5      | Gained mutation: You have sharp fingernails. [demonic
                  | ancestry]
  3781 | D:5      | Reached XP level 6. HP: 41/48 MP: 6/6
  4196 | D:5      | Found a shattered altar of Ashenzari.
  4639 | D:5      | Reached skill level 5 in Maces & Flails
  4639 | D:5      | Reached skill level 1 in Invocations
  5032 | D:6      | Reached skill level 5 in Fighting
  5032 | D:6      | Reached XP level 7. HP: 26/56 MP: 6/8
  5039 | D:6      | Reached skill level 1 in Armour
  5134 | D:6      | Reached * piety under Makhleb
  5158 | D:6      | Found an opulent altar of Gozag.
  5178 | D:6      | You fall into a shaft and drop 3 floors!
  5340 | D:9      | Noticed Erolcha
  5340 | D:9      | Noticed a yak
  5340 | D:9      | Noticed a yak
  5340 | D:9      | Noticed a yak
  5340 | D:9      | Noticed a yak
  5340 | D:9      | Noticed a yak
  5668 | D:9      | Noticed a troll
  5835 | D:8      | Noticed a hornet
  5969 | D:8      | Gained mutation: You are partially covered in slimy green
                  | scales. (AC +2) [demonic ancestry]
  5969 | D:8      | Reached XP level 8. HP: 62/64 MP: 10/10
  5995 | D:8      | Reached skill level 6 in Maces & Flails
  6040 | D:8      | Got a pitted rapier
  6050 | D:8      | Identified the +10 rapier of the Immovable People
                  | {antimagic, rN++} (You found it on level 8 of the Dungeon)
  6178 | D:7      | Found a shimmering altar of Xom.
  6178 | D:7      | Found a shimmering altar of Xom.
  6205 | D:7      | Reached skill level 1 in Short Blades
  6233 | D:7      | Found a shimmering altar of Xom.
  6235 | D:7      | Found a shimmering altar of Xom.
  6355 | D:7      | Found a shadowy altar of Dithmenos.
  6362 | D:7      | Reached skill level 1 in Stealth
  6647 | D:6      | Reached ** piety under Makhleb
  6647 | D:6      | Reached XP level 9. HP: 66/71 MP: 4/12
  6724 | D:6      | Found a burning altar of Makhleb.
  6977 | D:8      | Reached skill level 5 in Invocations
  7434 | D:8      | Paralysed by a hornet for 2 turns
  7973 | D:10     | Entered Level 10 of the Dungeon
  8037 | D:10     | Noticed Nergalle
  8057 | D:10     | Killed Nergalle
  8106 | D:10     | You fall into a shaft and drop 1 floor!
  8164 | D:10     | Reached skill level 5 in Stealth
  8181 | D:10     | Reached skill level 5 in Short Blades
  8186 | D:10     | HP: 1/72 [centaur/arrow (8)]
  8550 | D:10     | Noticed a two-headed ogre
  9237 | D:11     | Noticed a cyclops
  9388 | D:12     | Reached XP level 10. HP: 80/80 MP: 14/14
  9401 | D:12     | Reached *** piety under Makhleb
  9432 | D:12     | Found a staircase to the Orcish Mines.
  9628 | D:12     | Found Goatzaoxu's Antique Armour Emporium.
  9630 | D:12     | Noticed a cyclops
  9653 | D:12     | Killed a cyclops
  9653 | D:12     | Reached skill level 1 in Spellcasting
  9672 | D:12     | Bought a pair of jewelled gloves for 294 gold pieces
  9672 | D:12     | Bought a pair of gloves for 139 gold pieces
  9672 | D:12     | Bought a buckler for 139 gold pieces
  9682 | D:12     | Identified the +2 pair of gloves of Responsibility {rC+
                  | Str+3 Dex-3} (You bought it in a shop on level 12 of the
                  | Dungeon)
  9840 | D:12     | Reached skill level 7 in Maces & Flails
 10122 | D:11     | Killed a cyclops
 10563 | D:10     | Killed a two-headed ogre
 10583 | D:10     | Reached skill level 8 in Maces & Flails
 10782 | D:10     | Found a runed translucent gate.
 10782 | D:10     | Found a runed translucent gate.
 10782 | D:10     | Noticed Vuocosy's ghost (journeyman HaHu)
 10783 | D:10     | Found a runed translucent gate.
 11151 | D:9      | Reached XP level 11. HP: 87/87 MP: 17/17
 11270 | D:9      | Killed Erolcha
 11275 | D:9      | Found a staircase to the Lair.
 11290 | D:9      | Reached skill level 5 in Spellcasting
 11318 | D:9      | Noticed Prince Ribbit
 11323 | D:9      | Killed Prince Ribbit
 12187 | D:8      | Reached **** piety under Makhleb
 12626 | D:10     | Killed Vuocosy's ghost
 12628 | D:10     | Reached skill level 9 in Maces & Flails
 13056 | D:13     | Found a gate to the Vaults.
 13056 | D:13     | Noticed a vault guard
 13056 | D:13     | Noticed a vault guard
 13056 | D:13     | Noticed a vault guard
 13056 | D:13     | Noticed a vault guard
 13056 | D:13     | Noticed a vault guard
 13061 | D:13     | Noticed a vault guard
 13061 | D:13     | Noticed a vault guard
 13061 | D:13     | Noticed a vault guard
 13114 | D:13     | Killed a vault guard
 13126 | D:13     | Killed a vault guard
 13138 | D:13     | Killed a vault guard
 13138 | D:13     | Reached skill level 5 in Armour
 13153 | D:13     | Killed a vault guard
 13494 | Lair:1   | Entered Level 1 of the Lair of Beasts
 13513 | Lair:1   | Learned a level 1 spell: Confusing Touch
 13633 | Lair:1   | Noticed a seven-headed hydra
 13644 | Lair:1   | Killed a seven-headed hydra
 13644 | Lair:1   | Gained mutation: You are slightly more attuned to the
                  | shadows. [demonic ancestry]
 13644 | Lair:1   | Reached XP level 12. HP: 77/96 MP: 18/22
 14373 | Lair:1   | Reached skill level 10 in Maces & Flails
 14557 | Lair:1   | Reached skill level 1 in Shields
 15404 | Orc:1    | Entered Level 1 of the Orcish Mines
 15807 | Orc:1    | Paralysed by an orc sorcerer for 7 turns
 15999 | Orc:1    | Found a transporter.
 16048 | Orc:1    | Found a transporter.
 16051 | Orc:1    | Noticed Tinen's ghost (journeyman TrMo)
 16430 | Orc:1    | Reached skill level 10 in Fighting
 16505 | Orc:1    | Gained mutation: You have sharp toenails. [a neqoxec]
 16622 | Orc:1    | Got the ring "Guilephu" {Dex+5}
 16646 | Orc:1    | Identified the ring "Guilephu" {-Tele *Slow MP+9 Str+9
                  | Dex+5} (You found it on level 1 of the Orcish Mines)
 17369 | Lair:2   | Gained mutation: You are mostly covered in slimy green
                  | scales. (AC +3) [demonic ancestry]
 17369 | Lair:2   | Reached XP level 13. HP: 103/103 MP: 25/25
 17426 | Lair:2   | Reached skill level 11 in Maces & Flails
 17755 | Lair:2   | Reached skill level 5 in Shields
 18174 | Lair:3   | Noticed Sonja
 18175 | Lair:3   | Noticed Sonja
 18175 | Lair:3   | Sonja changed into Sonja the spriggan
 18187 | Lair:3   | Killed Sonja the spriggan
 18595 | Lair:3   | Found a staircase to the Shoals.
 19430 | Lair:4   | Identified the Compendium of Clay and the Snowflakes
 19459 | Lair:4   | Reached ***** piety under Makhleb
 19535 | Lair:4   | Found a hole to the Spider Nest.
 19668 | Lair:4   | You fall into a shaft and drop 1 floor!
 19676 | Lair:5   | Reached skill level 10 in Spellcasting
 19821 | Lair:5   | Reached skill level 12 in Maces & Flails
 20401 | Lair:5   | Reached XP level 14. HP: 76/113 MP: 18/28
 20772 | Lair:6   | Entered Level 6 of the Lair of Beasts
 20888 | Lair:6   | Reached skill level 5 in Dodging
 20912 | Lair:6   | Found a transporter.
 20912 | Lair:6   | Identified the cursed +1 trident "Killer Klown's Bane"
                  | {drain, rC+ rN+}
 21031 | Lair:6   | Found a transporter.
 21203 | Lair:6   | Found a runed translucent door.
 21229 | Lair:6   | Found a viscous altar of Jiyva.
 21230 | Lair:6   | Found a staircase to the Slime Pits.
 21742 | Lair:6   | Noticed Ikheod's ghost (journeyman MfGl)
 22655 | Orc:2    | Entered Level 2 of the Orcish Mines
 23120 | Orc:2    | Found a staircase to the Elven Halls.
 23171 | Orc:2    | Noticed a stone giant
 23184 | Orc:2    | Killed a stone giant
 23369 | Orc:2    | Found a roughly hewn altar of Beogh.
 23371 | Orc:2    | Found Beykkaxo's Book Shop.
 23415 | Orc:2    | Found a roughly hewn altar of Beogh.
 23436 | Orc:2    | Found Guatsied's Distillery.
 23562 | Orc:2    | Noticed an orc warlord
 23620 | Orc:2    | Reached ****** piety under Makhleb
 23621 | Orc:2    | Killed an orc warlord
 23705 | Orc:2    | Found Mybonloc's Antique Weapon Emporium.
 23706 | Orc:2    | Found a roughly hewn altar of Beogh.
 23711 | Orc:2    | Found Nocei's Antique Armour Shoppe.
 23737 | Orc:2    | Bought a slimy plate armour for 1120 gold pieces
 23737 | Orc:2    | Identified the cursed +0 plate armour of the Blessed Realm
                  | {Int+6 Dex-5} (You bought it in a shop on level 2 of the
                  | Orcish Mines)
 23931 | Orc:2    | Found a roughly hewn altar of Beogh.
 25037 | D:14     | Gained mutation: When low on magic, you restore magic in
                  | place of health. [demonic ancestry]
 25037 | D:14     | Reached XP level 15. HP: 82/120 MP: 25/30
 25170 | D:14     | Paralysed by a hornet for 1 turns
 25809 | D:15     | Entered Level 15 of the Dungeon
 25809 | D:15     | Found a portal to a secret trove of treasure.
 26235 | D:15     | Found a staircase to the Depths.
 28388 | Lair:6   | Found a bloodstained altar of Trog.
 28423 | Lair:6   | Killed Ikheod's ghost
 28770 | Orc:1    | Killed Tinen's ghost
 28962 | Elf:1    | Entered Level 1 of the Elven Halls
 29132 | Elf:1    | Found a flickering gateway to a bazaar.
 29137 | Bazaar   | Entered a bazaar
 29137 | Bazaar   | Found Ucaug's Antique Armour Emporium.
 29137 | Bazaar   | Found Zoxuyn's General Store.
 29139 | Bazaar   | Found Axkassel's General Store.
 29139 | Bazaar   | Found Caem's Distillery.
 29154 | Bazaar   | Bought 3 scrolls of teleportation for 99 gold pieces
 29154 | Bazaar   | Bought a scroll of magic mapping for 38 gold pieces
 29158 | Bazaar   | Bought a potion of curing for 48 gold pieces
 29158 | Bazaar   | Bought a potion of heal wounds for 80 gold pieces
 29158 | Bazaar   | Bought 2 potions of curing for 96 gold pieces
 29158 | Bazaar   | Bought a potion of curing for 48 gold pieces
 29158 | Bazaar   | Bought a potion of invisibility for 128 gold pieces
 29158 | Bazaar   | Bought a potion of curing for 48 gold pieces
 29158 | Bazaar   | Bought 2 potions of invisibility for 256 gold pieces
 29158 | Bazaar   | Bought a potion of heal wounds for 80 gold pieces
 29164 | Bazaar   | Bought a scroll of teleportation for 18 gold pieces
 29178 | Bazaar   | Bought 3 potions of flight for 144 gold pieces
 30718 | Lair:2   | Learned a level 2 spell: Blink
 30727 | Lair:2   | Learned a level 6 spell: Iron Shot
 30815 | Spider:1 | Entered Level 1 of the Spider Nest
 30907 | Shoals:1 | Entered Level 1 of the Shoals
 30921 | Shoals:2 | Noticed fearitself's ghost (adept MiBe)
 30929 | Shoals:2 | Found a runed translucent gate.
 30929 | Shoals:2 | Found a runed translucent gate.
 30930 | Shoals:2 | Found a runed translucent gate.
 30987 | Shoals:1 | Reached XP level 16. HP: 111/129 MP: 33/33
 31118 | Shoals:2 | Reached skill level 1 in Conjurations
 31745 | Shoals:2 | Reached skill level 1 in Earth Magic
 31817 | Shoals:2 | Got a transparent steel ring
 31818 | Shoals:2 | Identified the ring of Yesterday {rPois rF- rN++ Dex+4
                  | Stlth+} (You found it on level 2 of the Shoals)
 32035 | Shoals:2 | Got a smelly plate armour
 32043 | Shoals:2 | Identified the +10 plate armour "Zusul" {rF+} (You found it
                  | on level 2 of the Shoals)
 32499 | Shoals:2 | You fall into a shaft and drop 1 floor!
 32499 | Shoals:3 | Noticed Aizul
 33408 | Shoals:1 | Got a crude flail
 33409 | Shoals:1 | Identified the +8 flail "Mezewnaudi" {speed, rN+ MR+ Int+6
                  | Dex-2} (You found it on level 1 of the Shoals)
 33710 | Shoals:3 | Found Coannunk's Magic Scroll Shop.
 33712 | Shoals:4 | Entered Level 4 of the Shoals
 33802 | Shoals:3 | Noticed Polyphemus
 34638 | Elf:2    | Reached skill level 13 in Maces & Flails
 34781 | Elf:2    | Found a huge runed translucent gate.
 34781 | Elf:2    | Found a huge runed translucent gate.
 34781 | Elf:2    | Found a huge runed translucent gate.
 34781 | Elf:2    | Found a huge runed translucent gate.
 34781 | Elf:2    | Found a huge runed translucent gate.
 34956 | Elf:2    | Found an ancient bone altar of Kikubaaqudgha.
 35345 | Elf:2    | Noticed a deep elf blademaster
 35375 | Elf:2    | Killed a deep elf blademaster
 35375 | Elf:2    | Reached skill level 14 in Maces & Flails
 36042 | Elf:2    | Gained mutation: You have very sharp fingernails. [demonic
                  | ancestry]
 36042 | Elf:2    | Reached XP level 17. HP: 27/135 MP: 14/34
 36060 | Elf:2    | HP: 5/135 [poisoned by a +5 battleaxe of venom]
 36061 | Elf:2    | HP: 2/202 [poisoned by a +5 battleaxe of venom]
 36066 | Elf:2    | HP: 7/202 [poisoned by a +5 battleaxe of venom]
 36066 | Elf:2    | HP: 1/202 [+5 battleaxe of venom (5)]
 36067 | Elf:2    | Slain by a +0 halberd of venom

Levels and vault maps discovered:
D:1:      dpeg_arrival_round_a, layout_loops_corners
D:2:      layout_loops_ring, lemuel_crystal_altar, st_stairs_5, uniq_jessica
D:3:      layout_basic, first_ration
D:4:      layout_basic, minmay_temple_entry_statues_pillars
D:5:      layout_gridville, hex_medium, nicolae_ashenzari_panopticon
D:6:      layout_loops_cross, grunt_gozag_breadcrumbs, basic_altar
D:7:      layout_rooms, overflow_temple_1_default, xom_redecorated,
          chequers_serial_rivers_small_3
D:8:      kennysheep_kobold_camp, layout_basic, minivault_25,
          kennysheep_generic_room_14
D:9:      layout_roguey, erik_lair_island, uniq_prince_ribbit1, uniq_erolcha
D:10:     layout_roguey, gammafunk_ghost_nasty_kobolds, the_bakery,
          minmay_fractal_squares_diagonal_5, uniq_nergalle
D:11:     layout_basic
D:12:     layout_rooms, orc_0_dummy, serial_shops, shop
D:13:     layout_cave_pods, erik_vaults_2, kennysheep_generic_room_15
D:14:     layout_rooms, kennysheep_cross_room, serial_glass, glass_columns_a,
          glass_columns_a
D:15:     hangedman_depths_entry_civil_slaughter, layout_irregular_city,
          enter_trove_2, minmay_misc_feat_tiny, minmay_misc_feat_x
Temple:   compressed_dpeg_circular_temple
Lair:1:   layout_cave_pods
Lair:2:   hangedman_what_comes_after_a, layout_gridlike, serial_bayou_pond_b
Lair:3:   layout_small_grid, elwin_shoals_entry_stream,
          infiniplex_staircase_pool_2, uniq_sonja
Lair:4:   layout_long_grid, spider_nest_entry_web_field,
          kilobyte_rumbling_trees, infiniplex_staircase_pool
Lair:5:   layout_regular_city, minmay_stone_trees_large, lemuel_fruit_tree,
          grunt_megastairs_2
Lair:6:   wormcave, layout_regular_city, guppyfry_lair_end_dragon,
          slime_altar_1, gammafunk_ghost_wrathful_warriors, minivault_19
Shoals:1: layout_shoals, nicolae_shoals_seven_spires,
          nicolae_shoals_square_sea_wall
Shoals:2: layout_shoals, gammafunk_ghost_split
Shoals:3: layout_shoals, serial_shops, shop_fountains, uniq_polyphemus,
          uniq_aizul
Shoals:4: shoals_end_grunt_garden, layout_shoals
Spider:1: gammafunk_its_a_trap, gammafunk_ghost_grave
Orc:1:    layout_caves, enter_volcano_3, gammafunk_ghost_stat_death,
          lightli_orcish_oven
Orc:2:    grunt_orc_community_town_hall, layout_caves,
          grunt_orc_community_big_house_1, grunt_orc_community_big_house_1,
          grunt_orc_community_house_1, grunt_orc_community_house_1,
          grunt_orc_community_house_1, grunt_orc_community_house_1,
          grunt_orc_community_house_3, guppyfry_library_mini
Elf:1:    minmay_elf_arrival_circle, layout_geoelf_octagon, serial_shops,
          bzr_entry_road, einodemon_armed_red_devil_minivault
Elf:2:    layout_loops_cross, basic_altar

Skill      XL: |  1  2  3  4  5  6  7  8  9 10 11 12 13 14 15 16 |
---------------+-------------------------------------------------+-----
Maces & Flails | 3 4 5 6 8 9 10 12 14 | 14.7
Dodging        | 3 4 7 8 |  8.7
Fighting       | 3 4 5 6 7 8 9 10 11 12 | 12.9
Invocations    | 1 2 4 6 7 |  7.6
Armour         | 2 3 5 8 9 |  9.5
Short Blades   | 3 5 |  5.1
Stealth        | 2 5 |  5.4
Spellcasting   | 4 7 8 10 11 13 | 13.6
Shields        | 4 5 |  5.9
Conjurations   | 3 |  3.3
Earth Magic    | 2 |  2.9
Throwing       | |  1.7

Action                   |  1- 3 |  4- 6 |  7- 9 | 10-12 | 13-15 | 16-18 || total
-------------------------+-------+-------+-------+-------+-------+-------++-------
Melee: Flail             |   157 |   231 |   127 |       |       |   528 ||  1043
       Rapier            |       |       |   264 |       |   176 |       ||   440
       Morningstar       |       |       |    25 |   411 |    10 |       ||   446
       Whip              |       |       |       |   678 |  2132 |   357 ||  3167
       Kick              |       |       |       |    80 |   574 |       ||   654
Throw: Throwing net      |     4 |     2 |     1 |       |       |     2 ||     9
       Dart              |       |       |     1 |       |    27 |       ||    28
 Cast: Confusing Touch   |       |       |       |       |     1 |       ||     1
Invok: Lesser Servant of |       |       |       |    33 |    64 |    23 ||   120
       Major Destruction |       |       |       |     1 |       |     1 ||     2
       Greater Servant o |       |       |       |       |     1 |       ||     1
Evoke: Wand              |       |     2 |    17 |    38 |    34 |    10 ||   101
  Use: Scroll            |     1 |    13 |    18 |    13 |    25 |    14 ||    84
       Potion            |       |     2 |     7 |     3 |    14 |    16 ||    42
 Stab: Sleeping          |       |       |     5 |     5 |    21 |       ||    31
       Invisible         |       |       |     2 |       |     5 |    14 ||    21
       Distracted        |       |       |       |    11 |    26 |     6 ||    43
       Held in net/web   |       |       |       |       |       |     1 ||     1
  Eat: Chunk             |     2 |     6 |     4 |    12 |    14 |     4 ||    42
       Ration            |       |     2 |     3 |     4 |    10 |     3 ||    22
Armor: Leather armour    |     2 |       |       |       |       |       ||     2
       Ring mail         |    81 |    94 |   149 |   456 |   662 |    48 ||  1490
       Skin              |       |       |       |     5 |       |     6 ||    11
       Plate armour      |       |       |       |       |       |   300 ||   300
Dodge: Dodged            |   159 |   199 |   315 |   800 |  1155 |   398 ||  3026
Block: Buckler           |       |       |       |   194 |   382 |   151 ||   727
